 Dungeon Sprint DCSS version 0.31-a0-43-g46d131a48f (webtiles) character file.

Game seed: 8435317113936925660

60676 sircluck the Heavyweight Champion (level 14, -8/161 HPs)
             Began as a Troll Berserker on May 19, 2023.
             Was the Champion of Trog.
             Mangled by an Executioner (15 damage)
             ... summoned by Gloorx Vloq
             ... in the Dungeon (Sprint II: "The Violet Keep of Menkaure").
             The game lasted 00:22:22 (3889 turns).

sircluck the Heavyweight Champion (Troll Berserker) Turns: 3889, Time: 00:22:24

Health: -8/161     AC: 22    Str: 36    XL:     14   Next: 57%
Magic:  13/13      EV: 12    Int:  3    God:    Trog [******]
Gold:   4195       SH:  0    Dex:  9    Spells: 13/13 levels left

rFire   . .          .
                       - Unarmed
rCold   x . .        (no shield)
rNeg    . . .        p - +0 storm dragon scales
rPois   .            r - +0 hat {Stlth+}
rElec   +            n - +2 cloak of Springtime {Drain rC+ Str+3}
rCorr   +            (gloves unavailable)
SInv    .            (boots unavailable)
Will    ++...        (no amulet) Stlth
                     i - ring of flight
HPRegen 1.26/turn    h - ring "Jekleipp" {rC- Will+ rCorr Str+5 Slay+3}
MPRegen 0.13/turn

%: no teleportation
@: flying, studying 2 skills
A: large, unfitting armour, claws 3, regeneration 1, shaggy fur 1, tough skin 1,
screaming 1, weak 2, cold vulnerability 1
a: Renounce Religion, Berserk, Trog's Hand, Brothers in Arms


You were in the Dungeon.
You worshipped Trog.
Trog was exalted by your worship.
You visited 1 branch You collected 5555 gold pieces.
You spent 1360 gold pieces at shops.

Inventory:

Missiles
 C - 31 stones (quivered)
 F - 6 poisoned darts
Armour
 a - a +0 animal skin
 n - the +2 cloak of Springtime (worn) {Drain rC+ Str+3}
   (You bought it in a shop in the Dungeon)

   Str:       It affects your strength (+3).
   rC:        It protects you from cold.
   Drain:     It drains your maximum health when unequipped.
 p - +0 storm dragon scales (worn)
 r - a +0 hat of stealth (worn)
 v - a +0 troll leather armour
Jewellery
 h - the ring "Jekleipp" (right claw) {rC- Will+ rCorr Str+5 Slay+3}
   (You acquired it in the Dungeon)

   [ring of resist corrosion]

   Str:       It affects your strength (+5).
   Slay:      It affects your accuracy & damage with ranged weapons and melee
   (+3).
   rC:        It makes you vulnerable to cold.
   rCorr:     It protects you from acid and corrosion.
   Will:      It increases your willpower.
 i - a ring of flight (left claw)
 j - a ring of willpower
 o - a ring of protection from fire
 z - a +6 ring of dexterity
 I - a ring of protection from fire
 J - a +6 ring of intelligence
Scrolls
 c - 2 scrolls of enchant weapon
 x - 2 scrolls of enchant armour
 y - a scroll of brand weapon
 B - a scroll of silence
 D - 3 scrolls of poison
 G - 2 scrolls of fog
 H - a scroll of acquirement
 M - a scroll of immolation {unknown}
 N - 2 scrolls of identify
Potions
 b - 3 potions of curing
 d - 4 potions of haste
 e - 15 potions of magic
 f - a potion of berserk rage
 k - 12 potions of flight
 l - 2 potions of might {unknown}
 m - a potion of attraction {unknown}
 q - a potion of experience {unknown}
 s - a potion of invisibility {unknown}
 t - 4 potions of resistance {unknown}
 u - 33 potions of mutation
 w - 3 potions of degeneration {unknown}
 A - a potion of ambrosia {unknown}
 E - a potion of lignification {unknown}
Miscellaneous
 K - a box of beasts
 L - a piece from Xom's chessboard (15/15)


   Skills:
 + Level 15.9 Fighting
 + Level 16.0 Armour
 + Level 15.5 Dodging
 + Level 3.2 Stealth
 O Level 27 Unarmed Combat
 + Level 1.2 Evocations


You had 13 spell levels left.
You didn't know any spells.
Your spell library was empty.

Dungeon Overview and Level Annotations

Branches:
Dungeon (1/1)

Altars:
Cheibriados
Dithmenos
Elyvilon
Fedhas
Gozag
Hepliaklqana
Kikubaaqudgha
Makhleb
Nemelex Xobeh
Okawaru
Qazlal
Ru
Sif Muna
Trog
Uskayaw
Vehumet
Wu Jian
Xom
Yredelemnul
Zin
The Shining One
Jiyva
Lugonu

Shops:
D (?[(:(=!=:![:[[![!?!:[(!:=(!:**(:([

Annotations:
D Gloorx Vloq, Lernaean hydra


Innate Abilities, Weirdness & Mutations

You are too large for most types of armour.
You have claws for hands.
Your natural rate of healing is unusually fast.
You are covered in fur. (AC +1)
You have tough skin. (AC +1)
You occasionally shout uncontrollably at your foes.
You are very weak. (Str -4)
You are vulnerable to cold. (rC-)


Message History

The Executioner drops a net on you.
You become entangled in the net!
You see here a throwing net.
Unknown command.
You struggle against the net.
The golden eye blinks at you. You resist with almost no effort.
The Executioner hits you!
* * * LOW HITPOINT WARNING * * *
The Executioner hits you but does no damage. x2
You struggle against the net.
The Executioner hits you!
* * * LOW HITPOINT WARNING * * *
The Executioner barely misses you.
The Executioner hits you but does no damage.
The Executioner barely misses you.
The Executioner hits you but does no damage. x4
The Executioner hits you.
* * * LOW HITPOINT WARNING * * *
You struggle against the net.
The Executioner hits you but does no damage. x2
The Executioner hits you.
* * * LOW HITPOINT WARNING * * *
The Executioner hits you but does no damage. x3
The golden eye blinks at you. You resist with almost no effort.
The Executioner hits you.
* * * LOW HITPOINT WARNING * * *
The Executioner hits you.
* * * LOW HITPOINT WARNING * * *
The Executioner closely misses you.
You rip the net and break free!
The Executioner hits you but does no damage. x3
The Executioner hits you!
* * * LOW HITPOINT WARNING * * *
The Executioner hits you.
* * * LOW HITPOINT WARNING * * *
The Executioner hits you but does no damage.
The golden eye blinks at you. You resist with almost no effort.
The Executioner hits you!
* * * LOW HITPOINT WARNING * * *
The Executioner hits you but does no damage.
The Executioner barely misses you. The Executioner hits you!
You die...

▓▓▓▓▓▓▓▓▓▓▓▓▓▓▓▓▓▓▓▓▓▓▓▓▓▓▓▓▓▓▓
#▓.s.z&1fGff..♣♣@....♣♣...).♣♣.▓
.▓...M.▓..§▓.♣♣11♣...♣♣...♣.♣♣.▓
.▓.s..,▓.▓▓▓.♣♣.G♣♣..♣♣..♣♣..♣.▓
+▓▓▓.,,▓...▓.♣♣.1♣♣..♣...♣♣....▓
,,*▓▓+▓▓▓▓.▓.♣f..♣♣.^....♣♣..†.▓
,,,+○..▓0..▓..^..▓▓▓▓▓▓▓▓▓▓''▓▓▓#
##,#○..▓▓▓▓▓▓▓▓▓▓▓▓▓▓▓▓▓........#
.###..○▓≈≈≈§§≈§§▓▓▓)...▓.''§'''.#
^#.##°)▓▓▓▓▓▓▓▓▓▓▓▓'▓▓)▓.§≈..≈'.#


You could see 3 Executioners, a deathcap (summoned) and a golden eye.

Vanquished Creatures
  2 golden dragons (D)
  A bone dragon (D)
  A hellephant (D)
  A deep elf blademaster (D)
  A kraken (D)
  A deep elf master archer (D)
  3 quicksilver dragons (D)
  2 sphinxes (D)
  Gastronok (D)
  Kirke (D)
  2 storm dragons (D)
  A cacodemon (D)
  A draconian shifter (D)
  An orc warlord (D)
  3 lorocyprocas (D)
  Nessos (D)
  A dire elephant (D)
  A fire dragon (D)
  A crystal guardian (D)
  A great orb of eyes (D)
  A yaktaur captain (D)
  An ice dragon (D)
  A centaur warrior (D)
  A death yak (D)
  2 hell hogs (D)
  2 boulder beetles (D)
  Sonja (D)
  3 sixfirhies (D)
  A skeletal warrior (D)
  A glowing orange brain (D)
  2 deep trolls (D)
  An obsidian statue (D)
  A harpy (D)
  An oklob plant (D)
  3 orc sorcerers (D)
  3 manticores (D)
  10 shining eyes (D)
  An elephant (D)
  2 toenail golems (D)
  A merfolk siren (D)
  An eye of devastation (D)
  A cane toad (D)
  An ice statue (D)
  A kobold demonologist (D)
  A yaktaur (D)
  5 polar bears (D)
  A hornet (D)
  3 slime creatures (D)
  18 flying skulls (D)
  4 wyverns (D)
  3 yaks (D)
  A redback (D)
  Menkaure (D)
  5 water moccasins (D)
  9 floating eyes (D)
  A swamp drake (D)
  A black bear (D)
  A necrophage (D)
  9 electric eels (D)
  4 lava snakes (D)
  A jelly (D)
  An iron imp (D)
  A hell rat (D)
  A spectral adder (D)
  3 worms (D)
  A spectral ball python (D)
  5 tentacles (D)
150 creatures vanquished.

Vanquished Creatures (collateral kills)
  Murray (D)
  A frost giant (D)
  A deep elf high priest (D)
  An iron elemental (D)
  2 death drakes (D)
  5 shining eyes (D)
  A cane toad (D)
  A redback (D)
  A floating eye (D)
  2 black bears (D)
16 creatures vanquished.

Vanquished Creatures (others)
  2 water moccasins (D)
  A swamp drake (D)
  2 ballistomycete spores (D)
  2 tentacles (D)
7 creatures vanquished.

Grand Total: 173 creatures vanquished

Notes
Turn   | Place    | Note
-------+----------+-------------------------------------------
     0 | D        | sircluck the Troll Berserker began the quest for the Orb.
     0 | D        | Reached XP level 1. HP: 22/22 MP: 0/0
     1 | D        | Noticed a wyvern
     1 | D        | Noticed a wyvern
     5 | D        | Noticed a boulder beetle
     5 | D        | Noticed a boulder beetle
    13 | D        | Noticed a merfolk siren
    19 | D        | Killed a merfolk siren
    20 | D        | Reached skill level 8 in Unarmed Combat
    20 | D        | Reached XP level 2. HP: 18/37 MP: 1/1
    20 | D        | Reached XP level 3. HP: 22/45 MP: 2/2
    20 | D        | Reached XP level 4. HP: 26/53 MP: 3/3
    20 | D        | Reached XP level 5. HP: 30/61 MP: 4/4
    20 | D        | Reached XP level 6. HP: 34/68 MP: 5/5
    33 | D        | Killed a water moccasin
    57 | D        | Found Jiet's Book Shop.
    57 | D        | Found Arhayfof's Antique Weapon Shop.
    57 | D        | Found Futt's Antique Armour Boutique.
    57 | D        | Found Vis Orass's Book Shop.
    57 | D        | Found Ykkoicw Isen's Jewellery Boutique.
    58 | D        | Found Qisirghu's Magic Scroll Boutique.
    58 | D        | Found Soycac's Distillery.
    58 | D        | Found Dyaloynk's Distillery.
    59 | D        | Found Piqus's Armour Shop.
    59 | D        | Found Vebbeol's Book Boutique.
    60 | D        | Noticed Menkaure
    60 | D        | Noticed an ice dragon
    67 | D        | Killed Menkaure
    67 | D        | Reached ** piety under Trog
    68 | D        | Reached skill level 9 in Unarmed Combat
    68 | D        | Noticed a flying skull
    70 | D        | Noticed a flying skull
    72 | D        | Noticed a flying skull
    72 | D        | Noticed a flying skull
    75 | D        | Noticed a flying skull
    75 | D        | Noticed a flying skull
    75 | D        | Noticed a flying skull
    75 | D        | Noticed a flying skull
    75 | D        | Noticed a flying skull
    76 | D        | Noticed a flying skull
    76 | D        | Noticed a flying skull
    78 | D        | Noticed a flying skull
    78 | D        | Killed a wyvern
    79 | D        | Reached XP level 7. HP: 79/79 MP: 6/6
    88 | D        | Killed a wyvern
    89 | D        | Reached skill level 10 in Unarmed Combat
   150 | D        | Reached *** piety under Trog
   186 | D        | Killed a boulder beetle
   187 | D        | Reached skill level 11 in Unarmed Combat
   187 | D        | Reached XP level 8. HP: 92/92 MP: 7/7
   195 | D        | Killed a boulder beetle
   195 | D        | Reached **** piety under Trog
   196 | D        | Reached skill level 10 in Dodging
   196 | D        | Reached skill level 12 in Unarmed Combat
   215 | D        | Found Qytyr Wuuv's Jewellery Boutique.
   215 | D        | Found Nonidghe's Distillery.
   215 | D        | Noticed an oklob plant
   216 | D        | Found Vojuudghaj's Weapon Shop.
   216 | D        | Found Ikhas's Book Shoppe.
   216 | D        | Found Komnewn's Antique Armour Boutique.
   228 | D        | Bought a scroll of acquirement for 624 gold pieces
   235 | D        | Bought a ring of flight for 227 gold pieces
   303 | D        | Noticed Kirke
   303 | D        | Noticed a skeletal warrior
   303 | D        | Noticed a kobold demonologist
   303 | D        | Noticed a yaktaur captain
   319 | D        | Killed a kobold demonologist
   320 | D        | Reached skill level 10 in Fighting
   320 | D        | Reached skill level 13 in Unarmed Combat
   320 | D        | Reached XP level 9. HP: 101/101 MP: 8/8
   337 | D        | Killed a skeletal warrior
   363 | D        | Noticed a centaur warrior
   368 | D        | Killed a centaur warrior
   369 | D        | Reached skill level 14 in Unarmed Combat
   409 | D        | Killed a yaktaur captain
   409 | D        | Reached ***** piety under Trog
   410 | D        | Reached skill level 15 in Unarmed Combat
   410 | D        | Reached XP level 10. HP: 78/113 MP: 9/9
   456 | D        | Noticed an elephant
   461 | D        | Killed Kirke
   462 | D        | Reached skill level 16 in Unarmed Combat
   469 | D        | Killed an elephant
   560 | D        | Received a gift from Trog
   574 | D        | Reached skill level 17 in Unarmed Combat
   596 | D        | Received a gift from Trog
   731 | D        | Noticed an iron elemental
   731 | D        | Noticed a shining eye
   731 | D        | Noticed a shining eye
   731 | D        | Noticed a shining eye
   733 | D        | Reached skill level 18 in Unarmed Combat
   738 | D        | Reached XP level 11. HP: 98/123 MP: 10/10
   739 | D        | Killed a shining eye
   741 | D        | Killed a shining eye
   742 | D        | Killed a shining eye
   742 | D        | Received a gift from Trog
   744 | D        | Killed an iron elemental
   745 | D        | Reached skill level 19 in Unarmed Combat
   775 | D        | Found Yzxotiur's Weapon Emporium.
   775 | D        | Found Ynoemuk's Antique Weapon Shop.
   775 | D        | Found Etiev's Magic Scroll Shop.
   775 | D        | Found Berure's Jewellery Shoppe.
   775 | D        | Found Forukic's Antique Armour Boutique.
   776 | D        | Found Pejyt's Distillery.
   776 | D        | Found Ebuxuil's Distillery.
   776 | D        | Found Poqa Pum's Distillery.
   776 | D        | Found Fubiviz's Antique Weapon Shop.
   776 | D        | Found Zipi's Armour Emporium.
   776 | D        | Found Nuhy's Book Shop.
   776 | D        | Found Bidgh's Distillery.
   786 | D        | Bought the +2 cloak of Springtime {Drain rC+ Str+3} for 379
                  | gold pieces
   789 | D        | Bought a scroll of magic mapping for 90 gold pieces
   875 | D        | Noticed a golden dragon
   896 | D        | Killed a golden dragon
   897 | D        | Reached skill level 1 in Stealth
   994 | D        | Noticed a storm dragon
   994 | D        | Noticed a deep elf high priest
   995 | D        | Noticed a bone dragon
  1007 | D        | Killed a deep elf high priest
  1008 | D        | Reached skill level 20 in Unarmed Combat
  1013 | D        | Killed a storm dragon
  1022 | D        | Killed a bone dragon
  1043 | D        | Acquired the ring "Jekleipp" {rC- Will+ rCorr Str+5 Slay+3}
  1078 | D        | Noticed a cacodemon
  1086 | D        | Killed a cacodemon
  1087 | D        | Reached skill level 21 in Unarmed Combat
  1087 | D        | Reached XP level 12. HP: 67/136 MP: 11/11
  1098 | D        | Noticed a frost giant
  1105 | D        | Killed a frost giant
  1139 | D        | Found a hazy altar of Hepliaklqana.
  1140 | D        | Found a stormy altar of Qazlal.
  1140 | D        | Found a viscous altar of Jiyva.
  1140 | D        | Found a sacrificial altar of Ru.
  1140 | D        | Found a shimmering blue altar of Sif Muna.
  1151 | D        | Found an ornate altar of the Wu Jian Council.
  1151 | D        | Found a glowing golden altar of the Shining One.
  1154 | D        | Found a shimmering altar of Xom.
  1156 | D        | Found a basalt altar of Yredelemnul.
  1158 | D        | Found a bloodstained altar of Trog.
  1158 | D        | Found a glowing silver altar of Zin.
  1158 | D        | Found an ancient bone altar of Kikubaaqudgha.
  1158 | D        | Found a snail-covered altar of Cheibriados.
  1162 | D        | Found a hide-covered altar of Uskayaw.
  1162 | D        | Found a corrupted altar of Lugonu.
  1162 | D        | Found a shadowy altar of Dithmenos.
  1163 | D        | Found a radiant altar of Vehumet.
  1163 | D        | Found a burning altar of Makhleb.
  1163 | D        | Found a white marble altar of Elyvilon.
  1164 | D        | Found a sparkling altar of Nemelex Xobeh.
  1164 | D        | Found a blossoming altar of Fedhas.
  1166 | D        | Found an iron altar of Okawaru.
  1166 | D        | Found an opulent altar of Gozag.
  1170 | D        | Received a gift from Trog
  1221 | D        | Noticed a crystal guardian
  1232 | D        | Reached skill level 22 in Unarmed Combat
  1244 | D        | Killed a crystal guardian
  1272 | D        | Received a gift from Trog
  1274 | D        | Reached skill level 1 in Armour
  1288 | D        | Noticed a hell hog
  1288 | D        | Noticed a hell hog
  1291 | D        | Killed a hell hog
  1293 | D        | Killed a hell hog
  1305 | D        | Noticed a deep elf master archer
  1321 | D        | Reached skill level 23 in Unarmed Combat
  1366 | D        | Killed a deep elf master archer
  1438 | D        | Noticed a great orb of eyes
  1438 | D        | Noticed a death yak
  1438 | D        | Noticed a fire dragon
  1446 | D        | Killed a death yak
  1450 | D        | Received a gift from Trog
  1458 | D        | Killed a fire dragon
  1462 | D        | Killed a great orb of eyes
  1470 | D        | Reached skill level 24 in Unarmed Combat
  1470 | D        | Received a gift from Trog
  1589 | D        | Identified the ring "Beastrimn" {*Slow rCorr Str-5 Int+6
                  | Dex+6}
  1619 | D        | Noticed a kraken
  1636 | D        | Killed a kraken
  1637 | D        | Reached XP level 13. HP: 91/146 MP: 12/12
  1928 | D        | Received a gift from Trog
  1995 | D        | Noticed an orc warlord
  2001 | D        | Noticed the 27-headed Lernaean hydra
  2068 | D        | Received a gift from Trog
  2072 | D        | Reached ****** piety under Trog
  2112 | D        | Killed an orc warlord
  2113 | D        | Reached skill level 5 in Armour
  2122 | D        | Reached skill level 25 in Unarmed Combat
  2211 | D        | Found Kohok's Assorted Antiques.
  2358 | D        | Noticed a storm dragon
  2363 | D        | Killed a storm dragon
  2372 | D        | Found Antu Uru's Antique Armour Boutique.
  2372 | D        | Found Xoote's Weapon Shop.
  2372 | D        | Found Fidd's Antique Weapon Emporium.
  2372 | D        | Found Wigomib's General Store.
  2372 | D        | Noticed a golden dragon
  2378 | D        | Killed a golden dragon
  2378 | D        | Received a gift from Trog
  2386 | D        | Bought a scroll of identify for 20 gold pieces
  2386 | D        | Bought a scroll of identify for 20 gold pieces
  2393 | D        | Gained mutation: You are vulnerable to cold. (rC-) [potion
                  | of mutation]
  2687 | D        | Noticed a sphinx
  2687 | D        | Noticed a sphinx
  2690 | D        | Killed a sphinx
  2693 | D        | Killed a sphinx
  2694 | D        | Reached skill level 26 in Unarmed Combat
  2775 | D        | Received a gift from Trog
  2791 | D        | Found Kipronom's Book Shoppe.
  2881 | D        | Identified the +9 arbalest of Irritation {flame, rF+ MP+9}
  2901 | D        | Found Qurphietiu's Antique Armour Boutique.
  2902 | D        | Found Liyffoyh's Book Shoppe.
  2907 | D        | Noticed Nessos
  2915 | D        | Killed Nessos
  2943 | D        | Acquired a manual of Dodging
  2957 | D        | Received a gift from Trog
  2969 | D        | Noticed Gastronok
  2975 | D        | Killed Gastronok
  2977 | D        | Noticed a dire elephant
  2984 | D        | Killed a dire elephant
  2987 | D        | Received a gift from Trog
  2989 | D        | Paralysed by an orc sorcerer for 4 turns
  3021 | D        | Identified the staff of fire "Jiuvioca" {rF+ Will+ rCorr
                  | Str+3 Int+2}
  3023 | D        | Identified the +4 glaive "Yqoz" {flame, Fragile rPois
                  | Int+6}
  3026 | D        | Identified the +6 war axe of Etol {antimagic, rElec rCorr
                  | Dex-5 Stlth+}
  3052 | D        | Identified the staff of death "Zups" {rN+ Str+3}
  3101 | D        | Reached skill level 27 in Unarmed Combat
  3128 | D        | Reached skill level 15 in Dodging
  3176 | D        | Received a gift from Trog
  3246 | D        | Noticed a deep elf blademaster
  3255 | D        | Killed a deep elf blademaster
  3256 | D        | Reached skill level 10 in Armour
  3268 | D        | Received a gift from Trog
  3302 | D        | Reached XP level 14. HP: 157/157 MP: 13/13
  3335 | D        | Noticed Sonja
  3336 | D        | Noticed a purple draconian shifter
  3337 | D        | Noticed a hellephant
  3342 | D        | Killed Sonja
  3360 | D        | Reached skill level 15 in Fighting
  3364 | D        | Killed a purple draconian shifter
  3364 | D        | Identified the +4 quarterstaff of the Countless Visions
                  | {flame, rN+ Dex-5 Stlth+} (Trog gifted it to you in the
                  | Dungeon)
  3364 | D        | Received a gift from Trog
  3370 | D        | Killed a hellephant
  3469 | D        | Gained mutation: You are weak. (Str -2) [a shining eye]
  3471 | D        | Paralysed by a floating eye for 2 turns
  3477 | D        | Paralysed by a floating eye for 4 turns
  3484 | D        | Gained mutation: You occasionally shout uncontrollably at
                  | your foes. [a shining eye]
  3486 | D        | Received a gift from Trog
  3503 | D        | Paralysed by a floating eye for 2 turns
  3504 | D        | Gained mutation: You are robust. (+10% HP) [a shining eye]
  3505 | D        | Lost mutation: You are robust. (+10% HP) [a shining eye]
  3507 | D        | Gained mutation: You are very weak. (Str -4) [a shining
                  | eye]
  3510 | D        | Received a gift from Trog
  3540 | D        | Identified the +2 ring mail of Feots {rC+}
  3554 | D        | Noticed a quicksilver dragon
  3554 | D        | Noticed a quicksilver dragon
  3554 | D        | Noticed a quicksilver dragon
  3556 | D        | Killed a quicksilver dragon
  3557 | D        | Reached skill level 1 in Evocations
  3560 | D        | Killed a quicksilver dragon
  3562 | D        | Killed a quicksilver dragon
  3563 | D        | Reached skill level 15 in Armour
  3658 | D        | Received a gift from Trog
  3786 | D        | Noticed Murray
  3801 | D        | Killed Murray
  3860 | D        | Noticed a royal mummy
  3860 | D        | Noticed a curse toe
  3860 | D        | Noticed a vampire knight
  3860 | D        | Noticed Gloorx Vloq
  3862 | D        | Noticed an Executioner
  3862 | D        | Noticed an Executioner
  3862 | D        | Noticed an Executioner
  3869 | D        | Noticed an emperor scorpion
  3869 | D        | Noticed an emperor scorpion
  3889 | D        | HP: 7/161 [Executioner[Gloorx Vloq] (9)]
  3889 | D        | Mangled by an Executioner

Illustrated notes

Levels and vault maps discovered:
D:        the_violet_keep_of_menkaure [sprint2_stairs_cluster_1,
          sprint2_shoproom, sprint2_temple, sprint2_basic_supplies,
          sprint2_obstacle_7, sprint2_obstacle_5, sprint2_obstacle_1,
          sprint2_obstacle_2, sprint2_obstacle_3, sprint2_timed_cluster_1,
          sprint2_smallroom_cluster_1, sprint2_smallroom_final_cluster_1,
          sprint2_transparent_cluster_1, sprint2_second_timed_cluster_1,
          sprint2_sniper_area_1, sprint2_heavy_combat_area_1,
          sprint2_mutation_trap_area_1, sprint2_forest_area_1,
          sprint2_light_combat_area_1, sprint2_behind_water_1,
          sprint2_near_end_vault_1]

Skill      XL: |  1  2  3  4  5  6  7  8  9 10 11 12 13 14 |
---------------+-------------------------------------------+-----
Fighting       | 6 7 9 10 11 12 13 14 15 | 15.9
Dodging        | 6 8 9 10 11 12 13 14 15 | 15.5
Unarmed Combat | 8 9 11 13 15 18 21 24 27 | 27.0
Stealth        | 1 2 3 |  3.2
Armour         | 3 10 16 | 16.0
Evocations     | 1 |  1.2

Action                     |  1- 3 |  4- 6 |  7- 9 | 10-12 | 13-15 || total
---------------------------+-------+-------+-------+-------+-------++-------
  Melee: Unarmed           |     4 |     5 |    56 |   160 |   189 ||   414
         Punch             |     1 |       |     5 |    17 |    25 ||    48
 Invoke: Berserk           |     1 |       |     2 |       |       ||     3
         Brothers in Arms  |       |       |       |     8 |     2 ||    10
  Evoke: Box of beasts     |       |       |       |       |     1 ||     1
    Use: Scroll            |       |       |       |     2 |    10 ||    12
         Potion            |       |       |       |     1 |     5 ||     6
 Armour: Animal skin       |       |       |     2 |     5 |       ||     7
         Storm dragon scal |       |       |       |    16 |   121 ||   137
  Dodge: Dodged            |     3 |     1 |    17 |    70 |    73 ||   164

Table legend: (Time is in decaauts)
 A = Elapsed time spent in this place.
 B = Non-inter-level travel time spent in this place.
 C = Inter-level travel time spent in this place.
 D = Time resting spent in this place.
 E = Time spent auto-exploring this place.
 F = Levels seen in this place.
 G = Mean time per level.
                   A        B        C        D        E       F      G
               +--------+--------+--------+--------+--------+-----+--------+
         Total |   3756 |   3707 |     49 |   1105 |    183 |   1 | 3756.0 |
       Dungeon |   3756 |   3707 |     49 |   1105 |    183 |   1 | 3756.0 |
               +--------+--------+--------+--------+--------+-----+--------+

Top non-repeatable levels by time:
       D: 3756 daAuts
